Map: Orbital Shipyard

Players

LilDicky

  • Race: Terran Terran
  • League: Diamond

Martrix - Winner!

  • Race: Zerg Zerg

VOD

http://www.twitch.tv/tumescentpie

Description

Time

  • Played on: Dec. 4, 2015, 10:04 a.m.
  • Length: 12:08
Show
View Real Time Build Order
Export as new Build Order

LilDicky Terran 

Build Orders: MMM Bio 

Get SALT Encoding   

  12  0:01  SCV  
  13  0:14  SCV  
  13  0:18  Supply Depot  
  14  0:26  SCV  
  15  0:32  Refinery  
  15  0:40  SCV  
  16  0:46  Barracks  
  16  0:52  SCV  
  17  1:04  SCV  
  18  1:16  SCV  
  19  1:28  SCV  
  20  1:38  Reaper  
  21  1:40  Orbital Command  
  21  1:47  Command Center  
  21  2:04  Barracks  
  21  2:07  Barracks  
  21  2:10  SCV  
  22  2:18  Supply Depot  
  22  2:19  Barracks Tech Lab  
  22  2:28  Engineering Bay  
  22  2:30  SCV  
  23  2:42  SCV  
  24  2:51  Stimpack, Marine  
  25  2:55  SCV  
  25  2:56  Barracks Reactor, Barracks Tech Lab  
  26  3:05  Refinery  
  26  3:07  Orbital Command  
  26  3:09  Reaper  
  26  3:10  SCV  
  28  3:15  Marine  
  29  3:24  Combat Shields  
  29  3:40  Marine x2  
  29  3:41  Marine x2  
  32  3:49  Terran Infantry Weapons Level 1  
  32  3:50  SCV  
  32  3:51  SCV  
  34  3:55  Supply Depot  
  34  3:58  Marine x2  
  37  4:03  SCV, Marauder  
  37  4:04  SCV, Marauder  
  42  4:14  Supply Depot  
  42  4:15  SCV  
  43  4:18  SCV  
  43  4:21  Marine x2  
  46  4:26  Marauder  
  46  4:27  SCV, Marauder  
  46  4:30  SCV  
  52  4:39  SCV, Marine x2  
  55  4:47  Marauder  
  55  4:48  Concussive Shells, Marauder  
  55  4:51  SCV x2  
  61  4:53  Factory  
  61  4:56  Marine  
  61  4:59  Supply Depot  
  62  5:00  Supply Depot  
  62  5:20  SCV, Marine x2  
  62  5:21  Marauder x2  
  69  5:22  Command Center  
  68  5:42  Marine  
  57  5:43  Factory Reactor, Marauder x2  
  57  5:45  SCV x2  
  57  5:46  Starport, Marine  
  58  5:57  SCV  
  58  6:00  Marine  
  62  6:04  Marauder x2  
  62  6:10  Marine  
  65  6:11  SCV  
  65  6:12  SCV  
  65  6:15  Refinery  
  65  6:17  Refinery, Marine  
  72  6:25  Marauder  
  72  6:26  Marauder  
  72  6:27  SCV  
  72  6:28  Marine  
  72  6:29  Supply Depot, Barracks  
  72  6:30  SCV, Barracks  
  75  6:36  Medivac x2  
  79  6:43  SCV  
  82  6:47  Marauder  
  82  6:51  SCV  
  82  6:53  Orbital Command  
  83  6:56  SCV, Marine x3  
  83  6:58  Widow Mine  
  91  7:08  Marauder  
  91  7:09  Medivac x2  
  91  7:11  SCV  
  91  7:14  SCV, Marine x2  
  91  7:15  Marauder  
  101  7:18  Supply Depot  
  101  7:23  Barracks Reactor  
  101  7:25  Barracks Reactor, Supply Depot  
  101  7:29  Terran Infantry Armor Level 1  
  103  7:30  Marauder  
  103  7:31  Marine x2  
  103  7:32  Supply Depot  
  103  7:34  Engineering Bay  
  103  7:36  Marine  
  106  7:38  Refinery x2  
  106  7:49  Marine x2  
  106  7:50  Marine  
  109  7:54  Supply Depot, Marauder  
  109  7:56  Supply Depot  
  111  8:00  Armory  
  111  8:01  Marine  
  111  8:02  Marine  
  111  8:03  Supply Depot  
  113  8:09  Marauder  
  115  8:15  Marauder  
  117  8:21  Marine x3  
  120  8:30  Marauder  
  120  8:37  Marauder  
  104  8:42  Marine x4  
  104  8:43  Marine x2  
  109  8:52  Marauder  
  94  8:58  Marauder  
  94  9:00  Marine x6  
  88  9:05  SCV  
  88  9:07  Missile Turret  
  89  9:10  Terran Infantry Weapons Level 2  
  89  9:11  Missile Turret  
  89  9:12  Missile Turret  
  89  9:13  Marauder  
  91  9:18  Marine x5  
  91  9:20  Marauder  
  91  9:21  Marine  
  91  9:23  Medivac  
  101  9:25  Medivac  
  101  9:26  SCV x2  
  101  9:31  Missile Turret x2  
  105  9:33  Missile Turret  
  105  9:34  Marine  
  105  9:35  Marine  
  105  9:36  Marine  
  103  9:41  Marauder  
  99  9:47  Missile Turret  
  99  9:49  Missile Turret  
  99  9:52  Marauder  
  99  10:11  Marine  
  94  10:15  Marine  
  94  10:16  Marine x4  
  94  10:17  Medivac x2  
  84  10:36  Marine x2  
  84  10:37  Marauder x2  
  83  10:45  Marine x2  
  83  10:49  Marine x2  
  86  10:54  Marine x2  
  86  10:55  SCV  
  88  11:07  Marine  
  88  11:08  Marine x5  
  94  11:12  Marine x2  
  94  11:15  SCV x3  
  99  11:25  Marine x4  
  100  11:26  Marauder x2  
  100  11:27  SCV x2  
  100  11:29  Marine  
  100  11:30  Marine  
  111  11:43  Marine x2  
Show
View Real Time Build Order
Export as new Build Order

Martrix Zerg - Winner!

Build Orders: Hatch First, Muta Ling Bane 

Get SALT Encoding   

  12  0:02  Drone  
  13  0:12  Overlord  
  13  0:18  Drone  
  14  0:31  Drone x2  
  16  0:36  Drone  
  17  0:52  Hatchery  
  17  0:56  Drone  
  17  0:59  Drone  
  17  1:04  Extractor  
  17  1:16  Spawning Pool  
  16  1:19  Drone  
  16  1:23  Drone  
  18  1:29  Drone  
  19  1:40  Overlord  
  19  1:50  Drone  
  20  2:03  Queen, Zergling x2  
  20  2:05  Queen  
  20  2:07  Metabolic Boost  
  25  2:10  Drone  
  25  2:14  Drone  
  27  2:19  Drone  
  28  2:27  Drone x2  
  30  2:32  Drone  
  31  2:50  Queen x2  
  35  2:52  Overlord, Drone  
  36  2:59  Roach Warren  
  35  3:12  Hatchery  
  35  3:14  Drone  
  35  3:24  Drone x2  
  37  3:30  Overlord  
  37  3:31  Drone x4  
  41  3:47  Drone  
  41  3:48  Roach  
  44  3:49  Overlord  
  44  3:52  Extractor  
  44  3:54  Extractor  
  44  3:55  Extractor  
  41  3:56  Lair  
  41  3:58  Roach x2  
  45  4:09  Overlord, Drone x3  
  48  4:10  Drone  
  49  4:22  Drone  
  49  4:23  Drone x6  
  56  4:28  Drone  
  56  4:30  Ravager x2  
  59  4:46  Drone x3  
  59  4:47  Drone x3  
  64  4:54  Baneling Nest  
  64  4:58  Zergling x14  
  70  5:06  Zergling x6  
  73  5:09  Overlord x2  
  73  5:25  Ravager  
  71  5:41  Drone x4  
  71  5:42  Drone x6  
  72  5:43  Drone  
  72  5:47  Drone x2  
  72  5:48  Drone x3  
  78  5:50  Extractor  
  78  5:51  Extractor  
  76  5:58  Spire  
  76  6:02  Evolution Chamber  
  76  6:04  Evolution Chamber  
  70  6:12  Drone x2  
  72  6:28  Overlord, Drone  
  72  6:29  Overlord x2, Drone  
  72  6:30  Centrifical Hooks, Zerg Ground Armor Level 1, Zerg Melee Weapons Level 1  
  74  6:38  Overlord x3  
  74  6:39  Overlord  
  74  6:42  Spore Crawler  
  74  6:44  Zergling x14  
  74  6:45  Zergling x6  
  83  6:59  Zergling x4  
  83  7:00  Zergling x12  
  91  7:06  Spore Crawler  
  91  7:07  Drone x2  
  92  7:24  Mutalisk x4  
  92  7:25  Mutalisk x5  
  110  7:36  Overlord x3, Zergling x4  
  110  7:37  Zergling x2  
  113  7:40  Zerg Flyer Weapons Level 1  
  113  7:43  Hatchery  
  112  7:48  Zergling x8  
  112  7:49  Infestation Pit  
  114  7:52  Baneling x7  
  114  7:53  Hatchery  
  114  7:54  Baneling x2  
  114  7:55  Baneling x2  
  113  8:02  Overseer  
  101  8:42  Zergling x16  
  101  8:43  Zergling x8  
  101  8:46  Mutalisk x4  
  121  8:51  Drone x3  
  120  9:11  Zergling x8  
  120  9:12  Zergling x2  
  120  9:13  Queen  
  120  9:14  Zergling x4  
  120  9:15  Zergling x6  
  128  9:46  Baneling x11  
  128  9:47  Baneling x9  
  118  10:11  Zergling x2  
  118  10:12  Zergling x22  
  125  10:28  Hive  
  125  10:29  Zergling x6  
  114  10:59  Zergling x6  
  114  11:00  Zergling x18  
  123  11:04  Zergling x6  
  126  11:12  Baneling x5  
  126  11:13  Baneling x2  
  126  11:14  Baneling x9  
  126  11:15  Baneling x14  
  126  11:25  Zergling x6  
  129  11:31  Baneling x8  
  129  11:32  Baneling x18  
  129  11:37  Zergling x8  
  129  11:38  Zergling x14  
  139  11:40  Hatchery  
Tags
 
Add a new tag
Caveats
  • Supply blocks, unpowered buildings, or Contaminate may cause inaccurate times.
  • Supply counts are checked every 10 seconds.